 Dungeon Crawl Stone Soup version 0.29.1-13-g9f3cf754e1 (webtiles) character file.

Game seed: 5236098217858606510

256 zlionsfan the Chiller (level 5, -1/26 (28) HPs)
             Began as a Deep Elf Ice Elementalist on Jan 30, 2023.
             Slain by Edmund
             ... wielding a +2 flail of draining
              (4 damage)
             ... on level 4 of the Dungeon.
             The game lasted 00:17:21 (4265 turns).

zlionsfan the Chiller (Deep Elf Ice Elementalist)   Turns: 4265, Time: 00:17:22

HP:   -1/26 (28)    AC:  3    Str:  5    XL:     5   Next: 92%
MP:   15/15         EV: 27    Int: 22    God:
Gold: 181           SH:  0    Dex: 15    Spells: 8/15 levels left

rFire   . . .      SeeInvis +   e - +1 dagger
rCold   . . .      Faith    .   (no shield)
rNeg    . . .      Spirit   .   a - +0 robe
rPois   .          Reflect  .   (no helmet)
rElec   .          Harm     .   (no cloak)
rCorr   .          Rampage  .   t - +0 pair of gloves
Will    +....                   (no boots)
Stlth   ++........              q - amulet of the acrobat
HPRegen 0.08/turn               h - ring of willpower
MPRegen 0.14/turn               p - ring of see invisible

@: about to teleport, acrobatic, drained
A: no striking features
a: no special abilities


You were on level 4 of the Dungeon.
You visited 1 branch of the dungeon, and saw 5 of its levels.

You collected 181 gold pieces.

Inventory:

Hand Weapons
 e - a +1 dagger (weapon)
 z - the +8 dagger "Bohyeklac" {freeze, rElec rPois Str-5 Int+3}
   (You found it on level 4 of the Dungeon)

   It freezes those it strikes, dealing additional cold damage.
   It can also slow down cold-blooded creatures.
   Str:       It affects your strength (-5).
   Int:       It affects your intelligence (+3).
   rElec:     It insulates you from electricity.
   rPois:     It protects you from poison.
Armour
 a - a +0 robe (worn)
 i - a +0 cloak
 t - a +0 pair of gloves (worn)
Jewellery
 h - a ring of willpower (left hand)
 j - an amulet of faith
 p - a ring of see invisible (right hand)
 q - an amulet of the acrobat (around neck)
Wands
 u - a wand of digging (5)
Scrolls
 g - a scroll of blinking {unknown}
 m - a scroll of immolation {unknown}
 o - 3 scrolls of teleportation
 s - a scroll of acquirement {unknown}
 v - 4 scrolls of noise {unknown}
 w - a scroll of enchant weapon
 x - 2 scrolls of identify {unknown}
 y - a scroll of magic mapping {unknown}
Potions
 b - a potion of magic
 c - 2 potions of cancellation
 d - a potion of degeneration {unknown}
 f - 3 potions of lignification {unknown}
 k - 2 potions of curing {unknown}
 l - a potion of mutation {unknown}
 n - a potion of brilliance {unknown}
 r - 2 potions of might {unknown}


   Skills:
 + Level 0.1 Fighting
 * Level 1.0 Short Blades
 + Level 2.4 Dodging
 + Level 2.9 Stealth
 * Level 5.7 Spellcasting
 * Level 6.3 Ice Magic


You had 8 spell levels left.
You knew the following spells:

 Your Spells              Type           Power      Damage    Failure   Level
a - Freeze                Ice            100%       1d11      1%          1
b - Frozen Ramparts       Ice            68%        1d11      1%          3
c - Ozocubu's Armour      Ice            34%        N/A       1%          3

Your spell library contained the following spells:

 Spells                   Type           Power      Damage    Failure   Level
 Hailstorm                Conj/Ice       20%        3d6       26%         4


Dungeon Overview and Level Annotations

Branches:
Dungeon (5/15)
 Temple: D:4-7

Altars:
Uskayaw

Shops:
D:4 (

Annotations:
D:2 Terence
D:4 Edmund


Message History

Aim: Natasha (heavily wounded)
You freeze Natasha.
You kill Natasha!
You feel Natasha's spirit has finally been put to rest.
The frozen ramparts melt away as you move.
You see here the felid corpse of Natasha.
You start resting.
HP restored.
The black bear growls angrily.
There is a stone staircase leading up here.
You climb upwards.
There is a stone staircase leading down here.
Items here: )))) [[[.
There is a stone staircase leading down here.
You climb downwards.
There is a stone staircase leading up here.
You open the door.
There is an open door here.
You now have 181 gold pieces (gained 10).
There is an open door here.
A black bear is nearby!
There is an open door here.
You open the door.
There is an open door here.
There is a stone staircase leading down here.
You climb downwards.
Edmund shouts!
The water moccasin hisses angrily.
You hear a shout!
There is a stone staircase leading up here.
Edmund barely misses you.
You climb upwards.
There is a stone staircase leading down here.
As you read the scroll of teleportation, it crumbles to dust.
You feel strangely unstable. Edmund completely misses you.
Edmund hits you with a +2 flail of draining!
You feel drained. Edmund attacks as you move away!
Edmund hits you with a +2 flail of draining!
* * * LOW HITPOINT WARNING * * *
You feel drained.
You die...

#...##.....++............#.#.....
###.#......##...#..........#.####
#.#...<####...#....##.####.###.
#...<.#####...#.......# ..##..
######...............##.# .###..≈
#...÷.......######.#.##.##.# .§.
#.........#..........##....# ...
#.........#######@.#####.### ...
#.........# #.@>.# #...# ...
#.........# #.##.###...# ...
#.........# #.##.....#.# ≈..
..........## #.########.# ..
..........'####.>.#....#......h.
#.........###...#.#.##.#.......!
#.........# ###.#.#....#........
########### ###...........$... #
#####.##........


You could see Edmund.

Vanquished Creatures
  An orc priest (D:3)
  Natasha (thrice) (D:4)
  2 orc wizards (D:3)
  6 adders
  4 worms
  An orc (D:3)
  4 bats
  4 endoplasms
  2 giant cockroaches
  4 hobgoblins
  4 kobolds
  A quokka (D:3)
  4 ball pythons
  6 goblins
  5 rats
51 creatures vanquished.

Vanquished Creatures (others)
  A fungus (D:1)
  2 plants (D:1)
3 creatures vanquished.

Grand Total: 54 creatures vanquished

Notes
Turn   | Place    | Note
-------+----------+-------------------------------------------
     0 | D:1      | zlionsfan the Deep Elf Ice Elementalist began the quest for
                  | the Orb.
     0 | D:1      | Reached XP level 1. HP: 10/10 MP: 6/6
   437 | D:1      | Reached XP level 2. HP: 15/15 MP: 8/8
   844 | D:1      | Found a faded altar of an unknown god.
   995 | D:2      | Reached skill level 5 in Ice Magic
  1029 | D:2      | Reached XP level 3. HP: 12/19 MP: 5/10
  1495 | D:2      | Noticed Terence
  1791 | D:2      | Found a hide-covered altar of Uskayaw.
  2548 | D:3      | Reached XP level 4. HP: 24/24 MP: 6/12
  2825 | D:3      | Reached skill level 5 in Spellcasting
  2825 | D:3      | Reached XP level 5. HP: 21/28 MP: 3/14
  2829 | D:3      | Learned a level 3 spell: Frozen Ramparts
  2833 | D:3      | Learned a level 3 spell: Ozocubu's Armour
  3153 | D:4      | Noticed a black bear
  3154 | D:4      | Identified the +8 dagger "Bohyeklac" {freeze, rElec rPois
                  | Str-5 Int+3}
  3541 | D:4      | Found Juceuz's Antique Weapon Emporium.
  3545 | D:4      | Reached skill level 6 in Ice Magic
  3673 | D:4      | Noticed Natasha
  3679 | D:4      | Killed Natasha
  3680 | D:4      | Reached skill level 1 in Short Blades
  3728 | D:4      | Noticed a black bear
  3800 | D:4      | Noticed Natasha
  3813 | D:4      | Killed Natasha
  3991 | D:4      | Noticed Natasha
  3999 | D:4      | Killed Natasha
  4260 | D:5      | Entered Level 5 of the Dungeon
  4260 | D:5      | Noticed Edmund
  4260 | D:5      | Noticed a water moccasin
  4265 | D:4      | Slain by Edmund

Illustrated notes

Levels and vault maps discovered:
D:1:      dpeg_arrival_rooms_c, layout_basic,
          shapermc_ecumenical_altar_mp_urbaneastern
D:2:      layout_basic, basic_altar, minmay_three_crescents, uniq_terence
D:3:      layout_basic, nicolae_underground_beach
D:4:      layout_basic, serial_shops, shop, st_stairs_4,
          kennysheep_decorative_pillar, uniq_natasha
D:5:      layout_rooms, uniq_edmund

Skill      XL: |  1  2  3  4  5 |
---------------+----------------+-----
Ice Magic      | 5 6 |  6.3
Spellcasting   | 4 5 |  5.7
Short Blades   | 1 |  1.0
Fighting       | |  0.1
Dodging        | |  2.4
Stealth        | |  2.9

Action                   |  1- 3 |  4- 6 || total
-------------------------+-------+-------++-------
Melee: Dagger            |    12 |    15 ||    27
 Cast: Freeze            |    46 |    29 ||    75
       Frozen Ramparts   |       |     2 ||     2
  Use: Scroll            |     4 |     1 ||     5
       Potion            |       |     1 ||     1
 Stab: Sleeping          |     4 |     4 ||     8
       Distracted        |       |     1 ||     1
Armor: Robe              |     5 |     3 ||     8
Dodge: Dodged            |    14 |    24 ||    38
